 Dungeon Crawl Stone Soup version 0.32-a0-876-gcfddb08e57 (webtiles) character file.

Game seed: 12955487336421438691

9823 DEFE the Cleaver (level 11, -9/75 HPs)
             Began as a Coglin Fighter on Apr 1, 2024.
             Was an Elder of Trog.
             Mangled by a cyclops (20 damage)
             ... on level 11 of the Dungeon.
             The game lasted 00:08:40 (11189 turns).

DEFE the Cleaver (Coglin Fighter)                  Turns: 11189, Time: 00:08:41

Health: -9/75      AC: 24    Str: 22    XL:     11   Next: 52%
Magic:  11/11      EV:  3    Int:  7    God:    Trog [****..]
Gold:   679        SH:  0    Dex: 13    Spells: 10/10 levels left

rFire   . . .        a - +0 war axe {Yuxuan}
rCold   . . .        y - +0 war axe {Ilse}
rNeg    . . .        v - +0 crystal plate armour
rPois   .            u - +2 helmet
rElec   .            (no cloak)
rCorr   .            (no gloves)
SInv    .            (no boots)
Will    .....        (amulet unavailable) Stlth
                     (ring unavailable)
HPRegen 0.32/turn    (ring unavailable)
MPRegen 0.12/turn    (no gizmo)

%: no passive effects
@: revving
A: off-hand wielding, slow wielding, warmup strikes, no jewellery
a: Invent Gizmo, Renounce Religion, Berserk, Trog's Hand, Brothers in Arms


You were on level 11 of the Dungeon.
You worshipped Trog.
Trog was greatly pleased with you.
You visited 1 branch of the dungeon, and saw 11 of its levels.

You collected 679 gold pieces.

Inventory:

Hand Weapons
 a - a +0 war axe (weapon) {Yuxuan}
 n - a +0 hand axe {Zhen}
 y - a +0 war axe (offhand) {Ilse}
Missiles
 F - a throwing net (quivered)
 K - a curare-tipped dart
Armour
 b - a +0 scale mail
 c - a +0 buckler
 k - a +0 chain mail
 q - a +0 helmet
 u - a +2 helmet (worn)
 v - a +0 crystal plate armour (worn)
Wands
 M - a wand of light (7)
Scrolls
 d - 2 scrolls of poison {unknown}
 e - a scroll of vulnerability {unknown}
 i - a scroll of butterflies {unknown}
 l - a scroll of teleportation
 o - 3 scrolls of fog {unknown}
 p - a scroll of immolation {unknown}
 s - 3 scrolls of enchant armour
 t - a scroll of blinking {unknown}
 w - a scroll of fear
 x - a scroll of enchant weapon
 G - a scroll of torment {unknown}
 J - a scroll of noise
 L - a scroll of identify
Potions
 f - 5 potions of heal wounds {unknown}
 g - 2 potions of attraction {unknown}
 h - 2 potions of invisibility {unknown}
 j - 2 potions of ambrosia {unknown}
 m - a potion of resistance {unknown}
 r - 2 potions of haste {unknown}
 z - a potion of degeneration {unknown}
 A - 3 potions of brilliance {unknown}
 B - a potion of curing {unknown}
 C - 3 potions of might
 D - a potion of magic {unknown}
 E - 2 potions of berserk rage {unknown}
 H - a potion of lignification {unknown}
 I - a potion of enlightenment {unknown}


   Skills:
 - Level 3.0 Fighting
 + Level 13.4 Axes
 + Level 11.2 Armour
 - Level 2.1 Shields


You had 10 spell levels left.
You didn't know any spells.
Your spell library contained the following spells:

 Spells                   Type           Power      Damage    Failure   Level
 Hailstorm                Conj/Ice       0%         3d5       100%        3
 Summon Ice Beast         Ice/Summ       0%         N/A       100%        3
 Permafrost Eruption      Ice/Erth       0%         2x4d1     100%        6
 Sculpt Simulacrum        Ice/Alch       0%         N/A       100%        6


Dungeon Overview and Level Annotations

Branches:
Dungeon (11/15)            Temple (0/1) D:4            Lair (0/5) D:8
    Orc (0/2) D:9

Altars:
Cheibriados
Dithmenos
Elyvilon
Fedhas
Makhleb
Nemelex Xobeh
Qazlal
Ru
Sif Muna
Trog
Uskayaw
Vehumet
Wu Jian
Xom
Zin
Beogh

Shops:
D:5 *

Portals:
Abyss: D:4

Annotations:
D:4 2 transporters, zyxw121's ghost, amateur MiBe
D:8 1 runed translucent door, Gastronok; Lanoc's ghost, novice TrSh


Innate Abilities, Weirdness & Mutations

You can wield a second weapon in your off-hand.
It takes a long time for you to wield or remove held weapons.
Your first few attacks do less damage.
You cannot equip rings or amulets.


Message History

You slice the cyclops with your +0 war axe!!
The cyclops is moderately wounded.
You slash the cyclops with your +0 war axe! x2
You hit the cyclops but do no damage.
You hit the cyclops with your +0 war axe.
You hit the cyclops but do no damage. The cyclops hits you!
Unknown command.
You slash the cyclops with your +0 war axe!
The cyclops is severely wounded.
You slash the cyclops with your +0 war axe!
You hit the cyclops with your +0 war axe. x2
You hit the cyclops but do no damage.
You slash the cyclops with your +0 war axe!
The cyclops hits you!
* * * LOW HITPOINT WARNING * * *
The cyclops hits you but does no damage.
Unknown command.
You hit the cyclops with your +0 war axe.
The cyclops is severely wounded.
You slash the cyclops with your +0 war axe!
You barely miss the cyclops with your +0 war axe.
You slash the cyclops with your +0 war axe!
You hit the cyclops with your +0 war axe.
You hit the cyclops but do no damage.
The cyclops hits you but does no damage.
The cyclops hits you.
* * * LOW HITPOINT WARNING * * *
Unknown command.
Unknown command.
Okay, then.
You hit the cyclops but do no damage.
The cyclops is heavily wounded.
You hit the cyclops with your +0 war axe.
You hit the cyclops but do no damage.
You slash the cyclops with your +0 war axe! x2
You barely miss the cyclops with your +0 war axe.
The cyclops hits you.
* * * LOW HITPOINT WARNING * * *
The cyclops hits you!!
You die...

########################
#.รท...........#..C.....#
..............'.@C.....+
#.............#..C.....#
#.....(.......#####+####
####'########## +..(((..+
#...((..# #.......#
#.......# #.......#


You could see 3 cyclopes.

Vanquished Creatures
  An ogre mage (D:11)
  Pikel (D:8)
  4 cyclopes (D:11)
  A gargoyle (D:10)
  Prince Ribbit (D:7)
  A wyvern (D:9)
  3 wargs (D:11)
  3 steam dragons
  2 orc warriors
  2 ice beasts
  3 sky beasts
  A laughing skull (D:8)
  8 ogres
  4 centaurs (D:11)
  3 wolves (D:11)
  5 kobold brigands
  A lemure (D:8)
  4 bullfrogs
  A gnoll sergeant (D:5)
  2 scorpions
  12 wights
  6 howler monkeys
  3 jellies
  2 hounds (D:6)
  8 orc priests
  5 iguanas
  14 orc wizards
  10 gnolls
  4 adders
  A white imp (D:6)
  3 dart slugs
  A ribbon worm (D:5)
  61 orcs
  7 endoplasms
  9 giant cockroaches
  12 goblins
  6 hobgoblins
  12 jackals
  5 quokkas
  4 ball pythons
  7 bats
  A frilled lizard (D:3)
  47 kobolds
  4 rats (D:1)
295 creatures vanquished.

Vanquished Creatures (collateral kills)
  A two-headed ogre (D:11)
  A cyclops (D:11)
  A warg (D:11)
3 creatures vanquished.

Grand Total: 298 creatures vanquished

Notes
Turn   | Place    | Note
-------+----------+-------------------------------------------
     0 | D:1      | DEFE the Coglin Fighter began the quest for the Orb.
     0 | D:1      | Reached XP level 1. HP: 18/18 MP: 1/1
    84 | D:1      | Reached XP level 2. HP: 24/24 MP: 2/2
   220 | D:1      | Reached skill level 3 in Axes
   354 | D:1      | Reached XP level 3. HP: 28/29 MP: 3/3
   858 | D:1      | Found a faded altar of an unknown god.
  1158 | D:2      | Reached skill level 4 in Axes
  1499 | D:2      | Reached XP level 4. HP: 35/35 MP: 4/4
  1944 | D:3      | Noticed an ogre
  1949 | D:3      | Killed an ogre
  1950 | D:3      | Reached skill level 5 in Axes
  1950 | D:3      | Reached XP level 5. HP: 14/41 MP: 5/5
  2403 | D:3      | Found a sparkling altar of Nemelex Xobeh.
  2572 | D:3      | Found a bloodstained altar of Trog.
  2601 | D:3      | Became a worshipper of Trog the Wrathful
  2873 | D:4      | Reached skill level 6 in Axes
  2873 | D:4      | Reached XP level 6. HP: 27/47 MP: 6/6
  3159 | D:4      | Found a transporter.
  3160 | D:4      | Found a one-way gate to the infinite horrors of the Abyss.
  3160 | D:4      | Noticed zyxw121's ghost (amateur MiBe)
  3160 | D:4      | Noticed an ancient zyme
  3165 | D:4      | Noticed a small abomination
  3246 | D:4      | Found a transporter.
  3301 | D:4      | Reached * piety under Trog
  3376 | D:4      | Found a staircase to the Ecumenical Temple.
  3657 | D:5      | Entered Level 5 of the Dungeon
  3817 | D:5      | Found Liasel's Luxury Loot.
  3954 | D:5      | Found a white marble altar of Elyvilon.
  3974 | D:5      | Reached skill level 7 in Axes
  3974 | D:5      | Reached XP level 7. HP: 18/52 MP: 7/7
  4865 | D:6      | Reached skill level 8 in Axes
  4865 | D:6      | Reached XP level 8. HP: 58/58 MP: 8/8
  4939 | D:6      | Reached ** piety under Trog
  4942 | D:6      | Reached skill level 5 in Armour
  5138 | D:6      | Found an ornate altar of the Wu Jian Council.
  5138 | D:6      | Found a sacrificial altar of Ru.
  5139 | D:6      | Found a snail-covered altar of Cheibriados.
  5161 | D:6      | Found a shadowy altar of Dithmenos.
  5396 | D:6      | Identified the +0 ring mail "Tutomuch" {rElec rF+++ Regen+
                  | Int-3}
  5585 | D:6      | Found a burning altar of Makhleb.
  5783 | D:7      | Found a shimmering altar of Xom.
  5786 | D:7      | Found a shimmering altar of Xom.
  5788 | D:7      | Found a shimmering altar of Xom.
  5788 | D:7      | Found a shimmering altar of Xom.
  5788 | D:7      | Found a shimmering altar of Xom.
  5792 | D:7      | Found a shimmering altar of Xom.
  5792 | D:7      | Found a shimmering altar of Xom.
  5812 | D:7      | Reached skill level 9 in Axes
  6059 | D:7      | Reached XP level 9. HP: 43/63 MP: 9/9
  6436 | D:7      | Noticed a +0 short sword
  6436 | D:7      | Noticed a +0 short sword
  6441 | D:7      | Noticed a +0 falchion
  6442 | D:7      | Noticed a +0 dagger
  6442 | D:7      | Noticed a +0 falchion
  6442 | D:7      | Noticed a +0 dagger
  6443 | D:7      | Noticed a +0 spear
  6443 | D:7      | Noticed a +0 spear
  6447 | D:7      | Found a blossoming altar of Fedhas.
  6457 | D:7      | Found a hide-covered altar of Uskayaw.
  6633 | D:7      | Noticed Prince Ribbit
  6650 | D:7      | Killed Prince Ribbit
  6651 | D:7      | Reached skill level 10 in Axes
  6989 | D:7      | Found a glowing silver altar of Zin.
  7122 | D:8      | Reached *** piety under Trog
  7174 | D:8      | Noticed Lanoc's ghost (novice TrSh)
  7188 | D:8      | Found a runed translucent door.
  7194 | D:8      | Noticed Pikel
  7196 | D:8      | Found a staircase to the Lair.
  7204 | D:8      | Killed Pikel
  7339 | D:8      | Reached XP level 10. HP: 70/70 MP: 10/10
  7345 | D:8      | Reached skill level 11 in Axes
  7420 | D:8      | Found a stormy altar of Qazlal.
  7629 | D:8      | Noticed Gastronok
  7829 | D:8      | Noticed a seven-headed hydra
  8463 | D:9      | Found a staircase to the Orcish Mines.
  8506 | D:9      | Reached **** piety under Trog
  8659 | D:9      | Found a radiant altar of Vehumet.
  8815 | D:9      | Found a roughly hewn altar of Beogh.
  9211 | D:9      | Found a shimmering blue altar of Sif Muna.
  9289 | D:10     | Entered Level 10 of the Dungeon
  9597 | D:10     | Noticed a gargoyle
  9608 | D:10     | Killed a gargoyle
  9609 | D:10     | Reached skill level 12 in Axes
 10196 | D:11     | Reached ***** piety under Trog
 10368 | D:11     | Noticed a two-headed ogre
 10383 | D:11     | Killed a two-headed ogre
 10384 | D:11     | Reached skill level 10 in Armour
 10655 | D:11     | Reached XP level 11. HP: 75/75 MP: 11/11
 10679 | D:11     | Noticed an ogre mage
 10689 | D:11     | Paralysed by something for 3 turns
 10703 | D:11     | Killed an ogre mage
 10874 | D:11     | Reached skill level 13 in Axes
 10924 | D:11     | Noticed a cyclops
 10924 | D:11     | Noticed a cyclops
 10924 | D:11     | Noticed a cyclops
 10924 | D:11     | Noticed a cyclops
 10924 | D:11     | Noticed a cyclops
 10931 | D:11     | Killed a cyclops
 10933 | D:11     | Killed a cyclops
 10933 | D:11     | Killed a cyclops
 10934 | D:11     | Killed a cyclops
 10936 | D:11     | Killed a cyclops
 11018 | D:11     | Noticed a cyclops
 11182 | D:11     | Noticed a cyclops
 11182 | D:11     | Noticed a cyclops
 11182 | D:11     | Noticed a cyclops
 11189 | D:11     | Mangled by a cyclops

Illustrated notes

Levels and vault maps discovered:
D:1:      sevenhm_arrival_forest_fort_small_4, layout_loops_corners,
          shapermc_ecumenical_altar_mp_vishouse, minmay_bisected
D:2:      minmay_general_purpose_star, layout_loops_cross, serial_bayou,
          serial_bayou_pond_e, serial_bayou_ford_a, serial_bayou_shore_b,
          serial_bayou_pond_e
D:3:      layout_loops_ring, nemelex_spade_bored_becter, trog_hazing_becter
D:4:      layout_basic, minmay_temple_entry_statues_pillars,
          gammafunk_ghost_abyssal_escape
D:5:      layout_loops_corners, old_standard_altar, nicolae_alphabet_shops
D:6:      kennysheep_kobold_camp, layout_loops_ring,
          gammafunk_temple_overflow_forgotten, marbit_many_paths,
          nicolae_dithmenos_shadow_blocks, serial_park_tiny_2
D:7:      layout_loops_ring, fedhas_altar_2, general_overflow_altar,
          nicolae_uskayaw_en_pointe, nicolae_xom_altar_mimics,
          uniq_prince_ribbit1
D:8:      minmay_cornered_nines, layout_basic, nicolae_qazlal_scattered_showers,
          lair_entry_dummy, hellmonk_ghost_big_iron, billiards_dpeg, uniq_pikel,
          uniq_gastronok
D:9:      layout_roguey [special_room_orc], nicolae_overflow_crystal_walls,
          lemuel_blue_sif_altar, orc_0_dummy
D:10:     layout_irregular_city
D:11:     giant_chief_lemuel, layout_stronghold

Skill      XL: |  1  2  3  4  5  6  7  8  9 10 11 |
---------------+----------------------------------+-----
Axes           | 3 4 5 6 7 8 9 10 12 13 | 13.4
Armour         | 3 4 6 8 10 11 | 11.2
Fighting       | |  3.0
Shields        | |  2.1

Action                     |  1- 3 |  4- 6 |  7- 9 | 10-12 || total
---------------------------+-------+-------+-------+-------++-------
  Melee: War axe           |   102 |   133 |   380 |   421 ||  1036
         Hand axe          |       |   103 |    25 |       ||   128
  Throw: Dart              |       |       |       |     1 ||     1
 Invoke: Berserk           |       |       |     5 |     4 ||     9
         Brothers in Arms  |       |       |       |     2 ||     2
         Trog's Hand       |       |       |       |     1 ||     1
    Use: Potion            |       |     1 |       |       ||     1
         Scroll            |       |       |     4 |     3 ||     7
 Armour: Scale mail        |    74 |       |       |       ||    74
         Chain mail        |    12 |    94 |       |       ||   106
         Crystal plate arm |       |    81 |   213 |   283 ||   577
  Dodge: Dodged            |    49 |    40 |    22 |    30 ||   141
  Block: Buckler           |    19 |     2 |       |       ||    21

Table legend: (Time is in decaauts)
 A = Elapsed time spent in this place.
 B = Non-inter-level travel time spent in this place.
 C = Inter-level travel time spent in this place.
 D = Time resting spent in this place.
 E = Time spent auto-exploring this place.
 F = Levels seen in this place.
 G = Mean time per level.
                   A        B        C        D        E       F      G
               +--------+--------+--------+--------+--------+-----+--------+
         Total |  11335 |  11036 |    299 |   2835 |   6592 |  11 | 1030.5 |
       Dungeon |  11335 |  11036 |    299 |   2835 |   6592 |  11 | 1030.5 |
               +--------+--------+--------+--------+--------+-----+--------+

Top non-repeatable levels by time:
     D:7: 1481 daAuts
     D:8: 1090 daAuts
     D:1: 1090 daAuts
     D:6: 1078 daAuts
     D:5: 1071 daAuts
    D:11: 1041 daAuts
     D:9: 970 daAuts
     D:3: 950 daAuts
     D:2: 886 daAuts
    D:10: 874 daAuts
     D:4: 797 daAuts
